 Dungeon Crawl Stone Soup version 0.30-a0-297-g0ec75d9ef4 (webtiles) character file.

Game seed: 18380380135283801192

18 greasedhog the Sneak (level 2, 0/16 HPs)
             Began as a Gargoyle Enchanter on Oct 19, 2022.
             Slain by a hobgoblin (4 damage)
             ... on level 2 of the Dungeon.
             The game lasted 00:01:49 (807 turns).

greasedhog the Sneak (Gargoyle Enchanter)            Turns: 807, Time: 00:01:50

Health: 0/16       AC:  6    Str: 11    XL:     2   Next: 66%
Magic:  5/5        EV: 11    Int: 15    God:
Gold:   54         SH:  0    Dex: 10    Spells: 5/5 levels left

rFire   . . .      SeeInvis .    a - +1 dagger
rCold   . . .      Faith    .    (no shield)
rNeg    + . .      Spirit   .    e - +1 leather armour
rPois   ∞          Reflect  .    (no helmet)
rElec   +          Harm     .    (no cloak)
rCorr   .          Rampage  .    (no gloves)
Will    .....                    (no boots)
Stlth   ++........               (no amulet)
HPRegen 0.22/turn                (no ring)
MPRegen 0.09/turn                (no ring)

@: no status effects
A: sickness immunity, AC +2, negative energy resistance 1, electricity
resistance, torment resistance 1, petrification resistance
a: no special abilities


You were on level 2 of the Dungeon.
You visited 1 branch of the dungeon, and saw 2 of its levels.

You collected 54 gold pieces.

Inventory:

Hand Weapons
 a - a +1 dagger (weapon)
Armour
 e - a +1 leather armour (worn)
Scrolls
 i - a scroll of immolation
Potions
 b - a potion of mutation
 c - 2 potions of invisibility
 d - a potion of curing {unknown}
 f - a potion of might {unknown}
 h - a potion of haste {unknown}
 j - a potion of attraction {unknown}


   Skills:
 * Level 1.2 Fighting
 * Level 1.4 Short Blades
 - Level 1.5 Dodging
 * Level 3.7 Stealth
 - Level 2.0 Spellcasting
 - Level 2.6 Hexes


You had 5 spell levels left.
You didn't know any spells.
Your spell library contained the following spells:

 Spells                   Type           Power      Damage    Failure   Level
 Ensorcelled Hibernation  Hex/Ice        10%        N/A       26%         2
 Confusing Touch          Hex            9%         N/A       28%         3
 Tukima's Dance           Hex            9%         N/A       28%         3
 Dazzling Flash           Conj/Hex       10%        N/A       45%         3
 Portal Projectile        Hex/Tloc       10%        N/A       45%         3
 Blade Hands              Tmut           0%         N/A       100%        5


Dungeon Overview and Level Annotations

Branches:
Dungeon (2/15)

Altars:


Innate Abilities, Weirdness & Mutations

You are immune to sickness and miasma.
Your stone body is resilient. (AC +2)
You are immune to poison.
You resist negative energy. (rN+)
You are resistant to electric shocks. (rElec)
You are resistant to unholy torment.
You are immune to petrification.


Message History

You are too injured to fight recklessly!
You are too injured to fight recklessly!
You are too injured to fight recklessly!
You are too injured to fight recklessly!
You are too injured to fight recklessly!
You are too injured to fight recklessly!
You are too injured to fight recklessly!
You are too injured to fight recklessly!
You are too injured to fight recklessly!
You are too injured to fight recklessly!
You are too injured to fight recklessly!
You are too injured to fight recklessly!
You are too injured to fight recklessly!
You are too injured to fight recklessly!
You are too injured to fight recklessly!
You are too injured to fight recklessly!
You are too injured to fight recklessly!
Unknown command.
You barely miss the dart slug.
The dart slug is almost dead.
The hobgoblin hits you.
* * * LOW HITPOINT WARNING * * *
You hit the dart slug.
You kill the dart slug!
The hobgoblin closely misses you.
Unknown command.
You hit the hobgoblin.
The hobgoblin is moderately wounded.
The hobgoblin hits you.
* * * LOW HITPOINT WARNING * * *
You closely miss the hobgoblin.
The hobgoblin is moderately wounded.
The hobgoblin barely misses you.
You hit the hobgoblin but do no damage.
The hobgoblin is moderately wounded.
The hobgoblin misses you.
You hit the hobgoblin.
The hobgoblin is severely wounded.
The hobgoblin hits you.
You die...

#####.......†....#
#..........<.....#
#...............##
##......).......##
#...........#####
...###.†...#
##.)#.....#
#[88g#....#
#.88@#.####
#..#?†##.# ... ###
..# . ###


You could see a hobgoblin.

Vanquished Creatures
  A dart slug (D:2)
  2 bats (D:1)
  A giant cockroach (D:2)
  2 hobgoblins (D:1)
  3 jackals (D:1)
  A ball python (D:2)
  2 frilled lizards (D:2)
  A goblin (D:1)
  2 kobolds
  A rat (D:2)
16 creatures vanquished.

Vanquished Creatures (others)
  3 demonic plants (D:1)
  5 fungi (D:1)
  2 plants (D:1)
  2 withered plants (D:1)
12 creatures vanquished.

Grand Total: 28 creatures vanquished

Notes
Turn   | Place    | Note
-------+----------+-------------------------------------------
     0 | D:1      | greasedhog the Gargoyle Enchanter began the quest for the
                  | Orb.
     0 | D:1      | Reached XP level 1. HP: 10/10 MP: 3/3
    98 | D:1      | Found a faded altar of an unknown god.
   307 | D:1      | Reached skill level 1 in Short Blades
   510 | D:1      | Reached XP level 2. HP: 7/16 MP: 5/5
   617 | D:1      | Reached skill level 1 in Fighting
   807 | D:2      | Slain by a hobgoblin

Illustrated notes

Levels and vault maps discovered:
D:1:      dpeg_arrival_tiny_j, layout_rooms, shapermc_ecumenical_altar_gd
D:2:      layout_rooms, minmay_misc_feat_room, minmay_tetromino_l4

Skill      XL: |  1  2 |
---------------+-------+-----
Short Blades   | 1 |  1.4
Fighting       | 1 |  1.2
Dodging        | |  1.5
Stealth        | |  3.7
Spellcasting   | |  2.0
Hexes          | |  2.6

Action                   || total
-------------------------++-------
Melee: Dagger            ||    80
  Use: Scroll            ||     5
Armor: Leather armour    ||    33
       Robe              ||     6
Dodge: Dodged            ||    80

Table legend: (Time is in decaauts)
 A = Elapsed time spent in this place.
 B = Non-inter-level travel time spent in this place.
 C = Inter-level travel time spent in this place.
 D = Time resting spent in this place.
 E = Time spent auto-exploring this place.
 F = Levels seen in this place.
 G = Mean time per level.
                   A        B        C        D        E       F      G
               +--------+--------+--------+--------+--------+-----+--------+
         Total |    802 |    785 |     17 |    249 |    293 |   2 |  401.0 |
       Dungeon |    802 |    785 |     17 |    249 |    293 |   2 |  401.0 |
               +--------+--------+--------+--------+--------+-----+--------+

Top non-repeatable levels by time:
     D:1: 743 daAuts
     D:2: 59 daAuts
